 Dungeon Crawl Stone Soup version 0.20-a0-435-gf4ea4dd (webtiles) character file.

206826 Feta the Executioner (level 18, -4/172 HPs)
             Began as a Minotaur Fighter on Dec 10, 2016.
             Was the Champion of Okawaru.
             Drowned by a water elemental (10 damage)
             ... on level 2 of the Shoals on Jan 5, 2017.
             The game lasted 03:39:52 (37131 turns).

Feta the Executioner (Minotaur Fighter)            Turns: 37131, Time: 03:39:53

Health: -4/172     AC: 45    Str: 29    XL:     18   Next: 8%
Magic:  13/13      EV: 10    Int:  5    God:    Okawaru [******]
Gold:   1311       SH: 34    Dex: 16    Spells: 17/17 levels left

rFire  + . .     SeeInvis +     f - +1 mace "Alionias" {freeze, +Fly rElec rC+++ MP-9} (curse)
rCold  + + +     Gourm    .     q - +15 Maxwell's patent armour {-Cast -Tele rElec MR+ rCorr}
rNeg   + + .     Faith    .     i - +18 shield of the Gong {rElec rN+ MR+ EV-5}
rPois  +         Spirit   .     D - +2 hat {MR+}
rElec  +         Reflect  .     C - +2 cloak {+Inv}
rCorr  +         Harm     .     y - +2 pair of gloves {Str+3}
MR     ++++.     NoTele   +     g - +1 pair of boots
Stlth  .......... NoCast   +    I - amulet "Yrpheybos" {Regen+ Dex+3 SInv}
                                k - +4 ring of evasion
                                M - ring of Boyz {rCorr rN+ Slay+5}

@: lethally poisoned (-4 -> -62), resistant, engulfed (cannot breathe), studying
Armour
A: retaliatory headbutt, horns 2
}: 1/15 runes: gossamer
a: Heroism, Finesse, Renounce Religion, Evoke Invisibility, Evoke Flight


You were on level 2 of the Shoals.
You worshipped Okawaru.
Okawaru was exalted by your worship.
You were near starving.

You visited 7 branches of the dungeon, and saw 32 of its levels.
You also visited: Labyrinth, Ice Cave and Volcano.

You collected 3250 gold pieces.
You spent 1939 gold pieces at shops.

Inventory:

Hand Weapons
 a - the +1 broad axe of Courage {venom, *Corrode rPois rC- Str+10}
   (Okawaru gifted it to you on level 2 of the Orcish Mines)

   It poisons the flesh of those it strikes.
   It affects your strength (+10).
   It makes you vulnerable to cold.
   It protects you from poison.
   It may corrode you when you take damage.
 b - the +3 fustibalus "Kaamnami" {velocity, rElec Str+4}
   (Okawaru gifted it to you on level 2 of the Spider Nest)

   Any stone fired from it inflicts extra damage.
   It affects your strength (+4).
   It insulates you from electricity.
 f - the cursed +1 mace "Alionias" (weapon) {freeze, +Fly rElec rC+++ MP-9}
   (You found it on level 1 of the Shoals)

   It has been specially enchanted to freeze those struck by it, causing extra
   injury to most foes and up to half again as much damage against particularly
   susceptible opponents.
   It can also slow down cold-blooded creatures.
   It renders you almost immune to cold.
   It insulates you from electricity.
   It affects your magic capacity (-9).
   It lets you fly.
   It has a curse placed upon it.
 o - a +6 hand axe of flaming
Missiles
 T - 100 sling bullets
Armour
 g - a +1 pair of boots (worn)
 i - the +18 shield of the Gong (worn) {rElec rN+ MR+ EV-5}
   (You found it in an ice cave)

   It affects your evasion (-5).
   It insulates you from electricity.
   It protects you from negative energy.
   It affects your resistance to hostile enchantments.
 q - the +15 Maxwell's patent armour (worn) {-Cast -Tele rElec MR+ rCorr}
   (Okawaru gifted it to you on level 12 of the Dungeon)

   It insulates you from electricity.
   It affects your resistance to hostile enchantments.
   It prevents spellcasting.
   It prevents most forms of teleportation.
   It protects you from acid and corrosion.
 y - a +2 pair of gloves of strength (worn)
 C - a +2 cloak of invisibility (worn)
 D - a +2 hat of magic resistance (worn)
Jewellery
 k - a +4 ring of evasion (right hand)
 I - the amulet "Yrpheybos" (around neck) {Regen+ Dex+3 SInv}
   (You found it on level 1 of the Elven Halls)

   [amulet of regeneration]

   It affects your dexterity (+3).
   It lets you see invisible.
   It increases your rate of regeneration.
 M - the ring of Boyz (left hand) {rCorr rN+ Slay+5}
   (You found it on level 8 of the Dungeon)

   [ring of resist corrosion]

   It affects your accuracy and damage with ranged weapons and melee attacks
   (+5).
   It protects you from negative energy.
Wands
 l - a wand of removedness (0/24)
 p - a wand of digging (9/24)
Scrolls
 d - 3 scrolls of fog
 e - a scroll of amnesia
 h - a scroll of acquirement {unknown}
 m - 10 scrolls of remove curse
 r - a scroll of identify
 u - 4 scrolls of noise
 v - a scroll of teleportation
 w - 4 scrolls of vulnerability {unknown}
 z - 6 scrolls of fear
 H - a scroll of brand weapon {unknown}
 K - 6 scrolls of blinking
 S - 2 scrolls of immolation {unknown}
Potions
 c - 8 potions of flight
 j - 10 potions of curing
 s - a potion of resistance
 A - 2 potions of beneficial mutation {unknown}
 G - 3 potions of might
 N - 2 potions of haste
Books
 t - a manual of Armour
Comestibles
 n - 2 meat rations
 U - 27 royal jellies


   Skills:
 + Level 18.2 Fighting
 + Level 21.1 Axes
 + Level 4.0 Slings
 * Level 18.2 Armour
 - Level 4.0 Dodging
 + Level 18.3 Shields
 + Level 7.6 Invocations


You had 17 spell levels left.
You didn't know any spells.

Dungeon Overview and Level Annotations

Branches:
Dungeon (15/15)            Temple (1/1) D:7            Lair (6/6) D:11
 Shoals (2/4) Lair:4       Spider (4/4) Lair:4        Slime (0/5) Lair:6
    Orc (2/2) D:10            Elf (2/3) Orc:2        Vaults (0/5) D:14
 Depths (0/5) D:15

Altars:
Ashenzari
Cheibriados
Dithmenos
Elyvilon
Fedhas
Gozag
Hepliaklqana
Kikubaaqudgha
Makhleb
Nemelex Xobeh
Okawaru
Qazlal
Ru
Sif Muna
Trog
Uskayaw
Vehumet
Xom
Yredelemnul
Zin
The Shining One
Jiyva

Shops:
D:8 [   D:12 [   Orc:2 [!=:[

Portals:
Trove: D:11 (give +4 ice dragon scales)


Innate Abilities, Weirdness & Mutations

You reflexively headbutt those who attack you in melee.
You have a pair of horns on your head.


Message History

The merfolk aquamancer points at you and mumbles some strange words.
The ball of steam hits you!
* * * LOW HITPOINT WARNING * * *
You block the merfolk siren's attack.
GONNNNG!
The merfolk impaler hits you but does no damage.
You block the water elemental's attack.
GONNNNG!
The merfolk impaler barely misses you.
You hear a shout! x2; You hear a screech!
Evoke which item? (* to show all) (? for menu, Esc to quit)
Okay, then.
You cannot read scrolls while unable to breathe!
Unknown command.
Welcome back, Feta the Minotaur Fighter.
Okawaru says: Bring me glory in combat!
Press ? for a list of commands and other information.
It was a potion of resistance.
You feel protected.
You die...

#..≈P...
#P≈≈≈..
#.≈≈..# c
##..≈..# ..
#..≈≈≈.###.$≈
..≈≈≈.#.....
#.mcm..≈...
##§EEc≈≈≈≈..
#.m@Em≈≈.≈≈.
#..Smm≈≈≈≈≈.
#.###mm..≈≈≈.
#.. #....≈≈≈≈
#.. #..m≈..≈≈
... #..≈≈..≈.
... ##...≈≈..
..≈≈≈..


You could see a merfolk avatar, 2 merfolk impalers, a sea snake, a merfolk
aquamancer, 4 merfolk, 2 fauns, 3 water elementals and a merfolk siren.

Vanquished Creatures
  Rupert (Lair:3)
  Frances (D:13)
  Kirke (Lair:5)
  11 emperor scorpions
  4 ghost moths
  An orc warlord (D:10)
  Louise (Spider:4)
  2 entropy weavers
  A deep elf demonologist (Elf:2)
  3 spark wasps
  The ghost of snakesoul the Bludgeoner, a journeyman GrBe of Trog (Lair:4)
  An ettin (D:15)
  A merfolk impaler (Shoals:1)
  A minotaur (Lab)
  Josephine (Lair:5)
  An ogre mage (D:15)
  A rakshasa (D:15)
  4 hydras
  4 centaur warriors
  A death knight (D:15)
  4 catoblepae (Lair:6)
  6 death yaks (Lair:6)
  6 dancing weapons
  5 orc high priests (Orc:2)
  A hell knight (Volcano)
  8 deep elf knights
  5 skeletal warriors
  A wizard (D:14)
  5 unseen horrors
  4 sea snakes
  4 deep elf archers
  Pikel (D:7)
  A necromancer (IceCv)
  A lindwurm (Lair:5)
  10 orc knights
  11 removed MONS_HILL_GIANTs
  19 orb spiders
  18 deep elf magi
  The ghost of ThermosAquaticus the Destroyer, a novice GrCj (D:6)
  An oklob plant (Shoals:1)
  32 wolf spiders
  4 cyclopes
  7 manticores
  10 ugly things
  8 elephants
  A moth of wrath (Spider:3)
  3 ice statues (IceCv)
  3 black mambas
  5 merfolk sirens
  2 gargoyles
  A smoke demon (Volcano)
  13 demonic crawlers
  10 spiny frogs
  2 molten gargoyles (Volcano)
  A rime drake (Lair:5)
  6 komodo dragons
  2 efreet (D:14)
  11 ice devils
  A tengu conjurer (D:14)
  9 trolls
  A red devil (Volcano)
  2 polar bears
  4 merfolk
  A queen bee (D:10)
  A wolf spider simulacrum (D:14)
  2 harpy skeletons (D:14)
  41 jumping spiders
  12 hornets
  2 minotaur skeletons (Lab)
  A two-headed ogre (shapeshifter) (D:15)
  4 two-headed ogres
  3 blink frogs (Lair:6)
  17 hippogriffs
  A snapping turtle (Shoals:1)
  4 slime creatures
  A hippogriff (shapeshifter) (D:14)
  50 redbacks
  Sigmund (D:3)
  A shadow (D:13)
  2 water elementals
  An air elemental (Elf:2)
  5 wraiths (Lair:5)
  20 tarantellas
  69 yaks
  2 fire bats (Volcano)
  The ghost of WereVolvo the Shooter, an amateur CeHu (D:4)
  Eustachio (D:6)
  4 basilisks
  3 wyverns
  16 humans (D:14)
  4 hungry ghosts
  Menkaure (D:6)
  A vampire mosquito (D:14)
  4 wargs
  2 insubstantial wisps (D:14)
  2 acid dragons
  A soldier ant (D:11)
  13 water moccasins
  13 porcupines
  2 hell hounds (Volcano)
  44 orc warriors
  6 ice beasts
  A swamp drake (D:14)
  A slave (D:7)
  6 sky beasts
  A black bear (D:11)
  11 ogres
  2 phantoms
  An eye of draining (D:13)
  19 centaurs
  34 wolves
  8 crocodiles
  3 big kobolds
  11 bullfrogs
  A wyvern zombie (D:10)
  2 earth elementals
  A wyvern skeleton (D:7)
  7 scorpions
  27 killer bees
  5 wights (D:14)
  13 electric eels
  A howler monkey (D:13)
  4 crimson imps
  6 jellies
  2 centaur zombies
  5 lava snakes
  A quasit (D:9)
  48 orc priests
  2 bullfrog zombies
  4 hounds
  6 centaur skeletons
  23 orc wizards
  Crazy Yiuf (D:6)
  A bullfrog skeleton (D:4)
  Terence (D:2)
  6 iguanas
  14 hell rats
  13 worker ants
  4 troll simulacra (IceCv)
  A spriggan simulacrum (IceCv)
  2 centaur simulacra (IceCv)
  A hound zombie (D:9)
  2 howler monkey zombies
  A worker ant zombie (D:8)
  A howler monkey skeleton (D:9)
  7 adders
  3 ogre simulacra (IceCv)
  14 river rats (Lair:2)
  3 shadow imps
  6 oozes
  7 worms
  4 dart slugs
  4 leopard geckos
  104 orcs
  6 giant cockroaches
  6 hobgoblins
  13 jackals
  23 kobolds
  8 quokkas
  4 ball pythons
  7 bats
  6 frilled lizards
  A giant cockroach zombie (D:5)
  8 goblins
  A jackal skeleton (D:8)
  3 leopard gecko skeletons
  15 rats
  3 fungi
  5 plants
1216 creatures vanquished.

Vanquished Creatures (others)
  A hornet (Spider:2)
  A jumping spider (Spider:2)
  A water elemental (Shoals:2)
  3 orcs
6 creatures vanquished.

Grand Total: 1222 creatures vanquished

Notes
Turn   | Place    | Note
-------+----------+-------------------------------------------
     0 | D:1      | Feta the Minotaur Fighter began the quest for the Orb.
     0 | D:1      | Reached XP level 1. HP: 19/19 MP: 0/0
   141 | D:1      | Reached XP level 2. HP: 27/27 MP: 1/1
   363 | D:1      | Reached XP level 3. HP: 23/33 MP: 2/2
   706 | D:2      | Noticed Terence
   716 | D:2      | Killed Terence
   716 | D:2      | Reached skill level 3 in Axes
   763 | D:2      | Reached XP level 4. HP: 40/40 MP: 3/3
  1036 | D:2      | Found a snail-covered altar of Cheibriados.
  1166 | D:2      | Found a white marble altar of Elyvilon.
  1967 | D:2      | Reached skill level 4 in Axes
  2174 | D:3      | Reached skill level 1 in Dodging
  2174 | D:3      | Reached XP level 5. HP: 36/46 MP: 4/4
  2425 | D:3      | Reached skill level 5 in Axes
  2577 | D:3      | Noticed Sigmund
  2601 | D:3      | Killed Sigmund
  2601 | D:3      | Reached skill level 5 in Armour
  2601 | D:3      | Reached skill level 5 in Shields
  2601 | D:3      | Reached XP level 6. HP: 25/53 MP: 5/5
  3206 | D:3      | Reached skill level 6 in Axes
  3237 | D:4      | Got a transparent iron ring
  3240 | D:4      | Noticed WereVolvo's ghost (amateur CeHu)
  3334 | D:4      | Killed WereVolvo's ghost
  3334 | D:4      | Reached XP level 7. HP: 58/60 MP: 6/6
  3437 | D:4      | Reached skill level 5 in Fighting
  3502 | D:4      | Reached skill level 7 in Axes
  4027 | D:5      | Entered Level 5 of the Dungeon
  4623 | D:5      | Found a blossoming altar of Fedhas.
  4833 | D:4      | Reached skill level 8 in Axes
  4833 | D:4      | Reached XP level 8. HP: 69/69 MP: 7/7
  5349 | D:6      | Noticed Menkaure
  5720 | D:6      | Killed Menkaure
  5941 | D:6      | Found a runed door.
  5945 | D:6      | Noticed Crazy Yiuf
  5953 | D:6      | Killed Crazy Yiuf
  5953 | D:6      | Reached skill level 9 in Axes
  5989 | D:6      | Noticed Eustachio
  6237 | D:6      | Killed Eustachio
  6369 | D:5      | Identified the ring of Odief {rN+ Int+4 Stlth-} (You found it on level 4 of the Dungeon)
  6495 | D:6      | Reached XP level 9. HP: 46/75 MP: 8/8
  7336 | D:6      | Reached skill level 10 in Axes
  7616 | D:6      | Noticed ThermosAquaticus's ghost (novice GrCj)
  8091 | D:6      | Killed ThermosAquaticus's ghost
  8553 | D:7      | Found a deep blue altar of Sif Muna.
  8710 | D:7      | Noticed Pikel
  8720 | D:7      | Killed Pikel
  8720 | D:7      | Reached skill level 11 in Axes
  8741 | D:7      | Got a steaming spear
  8742 | D:7      | Identified the +5 spear of Equivalence {freeze, rPois rC+ Str+3} (You found it on level 7 of the Dungeon)
  8827 | D:7      | Found a staircase to the Ecumenical Temple.
  8838 | Temple   | Entered the Ecumenical Temple
  8914 | Temple   | Became a worshipper of Warmaster Okawaru
  9443 | D:8      | Reached XP level 10. HP: 78/86 MP: 9/9
  9723 | D:8      | Found a hazy altar of Hepliaklqana.
  9724 | D:8      | Found a shimmering altar of Xom.
  9780 | D:8      | Got a clouded granite ring
  9782 | D:8      | Identified the ring of Boyz {rCorr rN+ Slay+5} (You found it on level 8 of the Dungeon)
 10111 | D:8      | Found an opulent altar of Gozag.
 10886 | D:8      | Found Piexa's Antique Armour Shoppe.
 11079 | D:9      | Reached skill level 1 in Invocations
 11104 | D:9      | Got a smoking dagger
 11106 | D:9      | Reached skill level 12 in Axes
 11111 | D:9      | Identified the cursed +1 dagger of Watchfulness {pierce, +Blink rElec rF+ Str-4} (You found it on level 9 of the Dungeon)
 11338 | D:9      | Reached * piety under Okawaru
 11679 | D:10     | Entered Level 10 of the Dungeon
 11887 | D:10     | Reached ** piety under Okawaru
 12102 | D:10     | Reached skill level 13 in Axes
 12361 | D:10     | Reached *** piety under Okawaru
 12395 | D:10     | Reached XP level 11. HP: 74/95 MP: 12/12
 12663 | D:10     | Found a staircase to the Orcish Mines.
 12720 | D:10     | Noticed a hill giant
 12734 | D:10     | Killed a hill giant
 12734 | D:10     | Reached **** piety under Okawaru
 13218 | D:10     | Killed an unseen horror
 13218 | D:10     | Reached skill level 14 in Axes
 13349 | D:10     | Reached skill level 5 in Invocations
 13520 | D:10     | Reached ***** piety under Okawaru
 13664 | D:11     | Noticed a hill giant
 13672 | D:11     | Killed a hill giant
 13705 | D:11     | Killed an unseen horror
 13807 | D:11     | Reached XP level 12. HP: 55/106 MP: 15/15
 13906 | D:11     | HP: 1/106 [cyclops/large rock (23)]
 13916 | D:11     | Reached skill level 10 in Fighting
 13916 | D:11     | Reached skill level 10 in Shields
 14296 | D:10     | Reached skill level 15 in Axes
 14436 | D:10     | Received a gift from Okawaru
 14491 | D:11     | Found a blossoming altar of Fedhas.
 15324 | D:11     | Received a gift from Okawaru
 15340 | D:11     | Found a staircase to the Lair.
 15655 | D:11     | Found a portal to a secret trove of treasure.
 15804 | Lair:1   | Entered Level 1 of the Lair of Beasts
 15877 | Lair:1   | Reached skill level 10 in Armour
 15898 | Lair:1   | Found a dark tunnel.
 15918 | Volcano  | Entered a volcano
 16385 | Volcano  | Reached skill level 16 in Axes
 16536 | Volcano  | Found a bloodstained altar of Trog.
 16955 | Lair:1   | Reached XP level 13. HP: 107/116 MP: 17/17
 16974 | Lair:1   | Received a gift from Okawaru
 18510 | Lair:2   | Reached ****** piety under Okawaru
 18861 | Lair:3   | Received a gift from Okawaru
 18866 | Lair:3   | Reached skill level 17 in Axes
 18871 | Lair:3   | Got a dull robe {god gift}
 19050 | Lair:3   | Noticed Rupert
 19058 | Lair:3   | Paralysed by Rupert for 2 turns
 19079 | Lair:3   | Killed Rupert
 19918 | Lair:4   | Found a staircase to the Shoals.
 20190 | Lair:4   | Found a hole to the Spider Nest.
 20634 | Lair:4   | Noticed snakesoul's ghost (journeyman GrBe)
 20648 | Lair:4   | Killed snakesoul's ghost
 20667 | Lair:4   | Got a bloodstained rapier
 20698 | Lair:4   | Identified the +2 robe "Sock" {MR+} (Okawaru gifted it to you on level 3 of the Lair of Beasts)
 20925 | Lair:5   | Got a transparent scale mail
 21003 | Lair:5   | Got a crude scale mail
 21014 | Lair:5   | Identified the +5 scale mail of the Valley {Int+6 Dex-4} (You found it on level 5 of the Lair of Beasts)
 21024 | Lair:5   | Identified the +1 scale mail of a Billion Spirits {Int+2} (You found it on level 5 of the Lair of Beasts)
 21039 | Lair:5   | Reached skill level 18 in Axes
 21128 | Lair:5   | Found a labyrinth entrance.
 21142 | Lab      | Entered a labyrinth
 21200 | Lab      | Reached XP level 14. HP: 126/127 MP: 18/18
 21596 | Lab      | Got an encrusted quarterstaff
 21702 | Lair:1   | Identified the +11 rapier of Foolhardiness {venom, +Rage +Fly rF++ Str-4} (You found it on level 4 of the Lair of Beasts)
 21876 | Lair:5   | Noticed Kirke
 21969 | Lair:5   | Killed Kirke
 22003 | Lair:5   | Noticed Josephine
 22030 | Lair:5   | Killed Josephine
 22030 | Lair:5   | Received a gift from Okawaru
 22636 | Lair:6   | Entered Level 6 of the Lair of Beasts
 22668 | Lair:6   | Found a viscous altar of Jiyva.
 22668 | Lair:6   | Found a staircase to the Slime Pits.
 23867 | Lair:6   | Received a gift from Okawaru
 24207 | Orc:1    | Entered Level 1 of the Orcish Mines
 24207 | Orc:1    | Noticed an orc warlord
 24232 | D:10     | Killed an orc warlord
 24426 | Orc:2    | Entered Level 2 of the Orcish Mines
 24433 | Orc:2    | Found Wuvoosk's Armour Shop.
 24834 | Orc:2    | Found a staircase to the Elven Halls.
 25879 | Orc:2    | Reached skill level 19 in Axes
 25945 | Orc:2    | Reached XP level 15. HP: 40/139 MP: 17/19
 25954 | Orc:2    | Received a gift from Okawaru
 25964 | Orc:2    | Got an ichor-stained broad axe {god gift}
 26279 | Orc:1    | Identified the +1 broad axe of Courage {venom, *Corrode rPois rC- Str+10} (Okawaru gifted it to you on level 2 of the Orcish Mines)
 26480 | Orc:2    | Found Gamuej's Distillery.
 26480 | Orc:2    | Found Fawafafa's Armour Shop.
 26481 | Orc:2    | Found Butwan's Book Shop.
 26481 | Orc:2    | Found Ceestrurgh's Jewellery Boutique.
 26489 | Orc:2    | Bought a manual of Armour for 1656 gold pieces
 26749 | Orc:2    | Reached skill level 15 in Fighting
 26848 | Elf:1    | Entered Level 1 of the Elven Halls
 27324 | Elf:1    | Received a gift from Okawaru
 27554 | Elf:1    | Got a slimy silver amulet
 28131 | Elf:2    | Got a crude halberd {antimagic}
 28210 | Elf:1    | Received a gift from Okawaru
 28427 | Lair:1   | Identified the amulet "Yrpheybos" {Regen+ Dex+3 SInv} (You found it on level 1 of the Elven Halls)
 28876 | D:12     | Found Ysiol's Antique Armour Emporium.
 28884 | D:12     | Bought a pair of runed boots for 283 gold pieces
 29231 | D:12     | Received a gift from Okawaru
 29830 | D:13     | Noticed Frances
 29845 | D:13     | Killed Frances
 30041 | D:13     | Reached skill level 15 in Shields
 30251 | D:14     | Found a gate to the Vaults.
 30272 | D:14     | Reached XP level 16. HP: 147/151 MP: 13/20
 30668 | D:14     | Reached skill level 20 in Axes
 30801 | D:14     | Paralysed by a wizard for 6 turns
 30840 | D:14     | Received a gift from Okawaru
 31312 | D:15     | Entered Level 15 of the Dungeon
 31318 | D:15     | Reached skill level 1 in Slings
 31535 | D:15     | Found an ancient bone altar of Kikubaaqudgha.
 31545 | D:15     | Reached skill level 15 in Armour
 31597 | D:15     | Found a staircase to the Depths.
 31653 | D:15     | Found a frozen archway.
 31667 | IceCv    | Entered an ice cave
 32493 | Shoals:1 | Entered Level 1 of the Shoals
 32550 | Shoals:1 | Received a gift from Okawaru
 32608 | Spider:1 | Entered Level 1 of the Spider Nest
 33722 | Spider:2 | Received a gift from Okawaru
 33722 | Spider:2 | Reached XP level 17. HP: 161/161 MP: 21/21
 34081 | Spider:2 | Got a dazzling fustibalus {god gift}
 34082 | Spider:2 | Identified the +3 fustibalus "Kaamnami" {velocity, rElec Str+4} (Okawaru gifted it to you on level 2 of the Spider Nest)
 34179 | Spider:2 | Got a sparkling glass ring
 34421 | Spider:3 | Received a gift from Okawaru
 34422 | Spider:3 | Got a slimy hand axe {god gift}
 34993 | Spider:3 | Identified the +9 hand axe of the Fool {elec, SInv Stlth+} (Okawaru gifted it to you on level 3 of the Spider Nest)
 35053 | Spider:4 | Entered Level 4 of the Spider Nest
 35216 | Spider:4 | Received a gift from Okawaru
 35242 | Spider:4 | Noticed Louise
 35267 | Spider:4 | Killed Louise
 35518 | Spider:4 | Got a twisted helmet
 35625 | Spider:4 | Identified the ring "Ufisch" {-Tele rF- rN+++ Str+6 Stlth-} (You found it on level 2 of the Spider Nest)
 35690 | Spider:4 | Got a translucent buckler
 35758 | Spider:4 | Reached skill level 21 in Axes
 35905 | Spider:4 | Got a gossamer rune of Zot
 35990 | Spider:4 | Reached XP level 18. HP: 165/172 MP: 22/22
 36341 | Spider:1 | Received a gift from Okawaru
 36371 | Spider:1 | Got a fine fustibalus {god gift}
 36372 | Spider:1 | Identified the +3 fustibalus "Tuat" {velocity, rElec Str+2 Int-4} (Okawaru gifted it to you on level 1 of the Spider Nest)
 36478 | Lair:1   | Identified the +0 buckler "Tiseeng" {MR+ Regen+ rCorr Int-3} (You found it on level 4 of the Spider Nest)
 36789 | Shoals:1 | Got an iridescent mace
 36790 | Shoals:1 | Identified the cursed +1 mace "Alionias" {freeze, +Fly rElec rC+++ MP-9} (You found it on level 1 of the Shoals)
 36818 | Shoals:1 | Found a hazy altar of Hepliaklqana.
 37127 | Shoals:2 | HP: 6/172 [poisoned by a merfolk impaler]
 37131 | Shoals:2 | Upgraded the game from 0.20-a0-270-g8e735b6 to 0.20-a0-435-gf4ea4dd
 37131 | Shoals:2 | Drowned by a water elemental

Vault maps used:
D:1:      evilmike_arrival_run_for_it
D:2:      lemuel_coloured_pillars_altar, lemuel_round_altar, first_bread,
          uniq_terence
D:3:      uniq_sigmund
D:5:      lemuel_doored_altar
D:6:      uniq_menkaure, uniq_eustachio, uniq_crazy_yiuf_cottage
D:7:      lemuel_blue_sif_altar, serial_curves, eino_curves_01, eino_curves_04,
          uniq_pikel
D:8:      regret_index_temple_of_mockery, nicolae_gozag_seed_capital,
          serial_bayou, serial_bayou_pond_c, serial_bayou_pond_a,
          serial_bayou_crossing, serial_bayou_ford_a, serial_shops, shop_statue
D:10:     erik_orc_2
D:11:     david_lair_generic, nicolae_trove_entry_crystal,
          david_defended_altar_elf
D:12:     serial_shops, nicolae_shop_temple_entry_statues_fountains
D:13:     uniq_frances
D:14:     david_vaults_3, nicolae_wwwww, hangedman_little_slice_of_home, pond
D:15:     hangedman_depths_entry_civil_slaughter, kennysheep_doodads,
          portal_ice_cave_demonic_guard, serial_glass, glass_columns_a,
          glass_columns_a, basic_altar
Temple:   minmay_temple_curvy_branch
Lair:1:   enter_volcano_1, grunt_megastairs_1
Lair:2:   lemuel_ratsnest
Lair:3:   infiniplex_staircase_pool, uniq_rupert
Lair:4:   elwin_shoals_entry_stream, nicolae_spider_entry_non_spiders,
          lemuel_fruit_tree
Lair:5:   lab_entry_generic, grunt_megastairs_3, serial_bayou_shore_a,
          serial_bayou_shore_b, uniq_kirke, uniq_josephine
Lair:6:   evilmike_catoblepas_cave, slime_altar_1,
          hangedman_lair_unloving_vines, nicolae_lair_yak_garden,
          grunt_megastairs_2
Shoals:1: lemuel_oklob_altar
Spider:1: nicolae_spider_circle_web
Spider:4: guppyfry_spider_rune, spider_trap, uniq_louise
Orc:2:    st_orc_pillars, serial_shops, shop
Elf:1:    evilmike_minifort
Elf:2:    uniq_aizul
Lab:      nicolae_lab_do_over, nicolae_lab_grate_2, nicolae_lab_grate
IceCv:    ice_cave_tombish
Volcano:  volcano_lake

Skill      XL: |  1  2  3  4  5  6  7  8  9 10 11 12 13 14 15 16 17 18 |
---------------+-------------------------------------------------------+-----
Armour         | 4 5 6 7 8 9 10 11 13 16 18 | 18.2
Shields        | 4 5 6 7 8 9 11 12 13 15 16 18 | 18.3
Fighting       | 4 5 6 7 8 9 11 12 14 16 17 18 | 18.2
Axes           | 3 4 5 6 8 9 11 13 14 16 18 19 20 21 | 21.1
Dodging        | 1 2 3 4 |  4.0
Invocations    | 3 5 7 |  7.6
Slings         | 2 3 4 |  4.0

Action                   |  1- 3 |  4- 6 |  7- 9 | 10-12 | 13-15 | 16-18 || total
-------------------------+-------+-------+-------+-------+-------+-------++-------
Melee: War axe           |    66 |   100 |   348 |   494 |       |       ||  1008
       Headbutt          |    12 |    18 |    53 |   133 |   258 |   289 ||   763
       Spear             |       |       |     9 |    22 |    11 |       ||    42
       Broad axe         |       |       |       |    76 |   767 |   776 ||  1619
       Hand axe          |       |       |       |       |   197 |     7 ||   204
       Mace              |       |       |       |       |       |    21 ||    21
 Fire: Hunting sling     |       |       |       |       |       |    28 ||    28
       Fustibalus        |       |       |       |       |       |    29 ||    29
Throw: Stone             |       |    14 |    15 |    13 |       |       ||    42
Invok: Heroism           |       |       |       |     7 |    12 |     2 ||    21
       Finesse           |       |       |       |       |     1 |       ||     1
 Abil: Evoke Invisibilit |       |       |       |       |       |     1 ||     1
Evoke: Wand              |       |       |       |       |       |     7 ||     7
  Use: Scroll            |     3 |     2 |     7 |     4 |    13 |     6 ||    35
       Potion            |       |     4 |     1 |     4 |    11 |     6 ||    26
 Stab: Sleeping          |       |       |       |     1 |       |       ||     1
       Invisible         |       |       |       |       |     1 |       ||     1
       Distracted        |       |       |       |       |     1 |       ||     1
  Eat: Chunk             |       |     8 |    17 |    18 |    57 |    11 ||   111
       Meat ration       |       |       |     1 |     1 |     1 |     1 ||     4
       Pizza             |       |       |       |     1 |       |       ||     1
       Bread ration      |       |       |       |       |       |     1 ||     1
Armor: Scale mail        |    37 |       |       |       |       |       ||    37
       Chain mail        |     1 |     2 |       |       |       |       ||     3
       Swamp dragon scal |       |    19 |   116 |   134 |   163 |       ||   432
       Plate armour      |       |       |       |       |    31 |   324 ||   355
       Skin              |       |       |       |       |     2 |       ||     2
Dodge: Dodged            |    23 |    24 |   127 |   267 |   336 |   194 ||   971
Block: Shield            |    46 |    44 |   178 |   280 |   524 |  1070 ||  2142
